 Dungeon Crawl Stone Soup version 0.27.1 (console) character file.

Game seed: 16021053424161061853

1633 thromnambular the Spear-Bearer (level 8, -1/96 HPs)
             Began as a Merfolk Artificer on Aug 27, 2021.
             Was a Believer of Sif Muna.
             Slain by a jelly (3 damage)
             ... on level 6 of the Dungeon.
             The game lasted 00:25:00 (9530 turns).

thromnambular the Spear-Bearer (Merfolk Artificer)  Turns: 9530, Time: 00:25:01

Health: -1/96      AC: -16   Str: 14    XL:     8   Next: 98%
Magic:  8/8        EV: 13    Int: 10    God:    Sif Muna [**....]
Gold:   279        SH:  0    Dex: 15    Spells: 4/7 levels left

rFire    . . .     SeeInvis .   a - +0 spear
rCold    . . .     Faith    .   (no shield)
rNeg     + . .     Spirit   .   p - +1 ring mail {rN+}
rPois    .         Reflect  .   (no helmet)
rElec    .         Harm     .   f - +0 cloak
rCorr    .         Rampage  .   (no gloves)
Will     .....                  (no boots)
Stlth    ..........             (no amulet)
HPRegen  0.26/turn              (no ring)
MPRegen  0.11/turn              (no ring)

@: berserking, corroded, very quick
A: (nimble swimmer 2), mertail
a: Renounce Religion, Channel Magic


You were on level 6 of the Dungeon.
You worshipped Sif Muna.
Sif Muna was pleased with you.
You visited 1 branch of the dungeon, and saw 7 of its levels.

You collected 279 gold pieces.

Inventory:

Hand Weapons
 a - a +0 spear (weapon)
 b - a +0 hunting sling
Missiles
 h - 17 poisoned darts (quivered)
 i - 19 sling bullets
Armour
 f - a +0 cloak (worn)
 p - a +1 ring mail of positive energy (worn)
Wands
 d - a wand of charming (1)
Scrolls
 g - a scroll of torment
 l - a scroll of amnesia
 m - 3 scrolls of magic mapping
 o - a scroll of noise
 t - a scroll of fear {unknown}
Potions
 c - a potion of lignification
 s - a potion of cancellation
Miscellaneous
 e - a piece from Xom's chessboard (5/15)


   Skills:
 + Level 6.1 Fighting
 + Level 9.9 Polearms
 - Level 3.0 Armour
 + Level 6.3 Dodging
 - Level 2.0 Stealth
 - Level 1.1 Invocations
 - Level 3.0 Evocations


You had 4 spell levels left.
You knew the following spells:

 Your Spells              Type           Power      Damage    Failure   Level
a - Conjure Flame         Conj/Fire      0%         6-21      92%         3

Your spell library contained the following spells:

 Spells                   Type           Power      Damage    Failure   Level
 Ignite Poison            Fire/Tmut/Pois 0%         N/A       92%         3
 Sticky Flame             Conj/Fire      0%         2d3       100%        4


Dungeon Overview and Level Annotations

Branches:
Dungeon (7/15)             Temple (0/1) D:4

Altars:
Ashenzari
Cheibriados
Fedhas
Hepliaklqana
Makhleb
Ru
Sif Muna
Uskayaw
Zin

Annotations:
D:3 3 runed translucent doors, RascalDebosk's ghost, amateur HOFi
D:7 exclusion: oklob plant


Innate Abilities, Weirdness & Mutations

((You are quick and stealthy near water. (Stealth+, EV+, Speed+++)))
Your lower body shifts to a powerful aquatic tail in water.


Message History

You hit the jelly. The acid corrodes you!
Your hands burn!
The jelly is moderately wounded.
You hit the jelly but do no damage.
Your hands burn!
The jelly is moderately wounded.
The jelly completely misses you.
You hit the jelly.
Your hands burn!
The jelly is severely wounded.
The jelly closely misses you.
You hit the jelly.
Your hands burn!
The jelly is severely wounded.
You hit the jelly but do no damage.
Your hands burn!
The jelly is severely wounded.
The jelly hits you.
You are splashed with acid.
You hit the jelly. The acid corrodes you!
Your hands burn!
The jelly is almost dead.
You are too injured to fight recklessly!
You are too injured to fight recklessly!
You hit the jelly but do no damage. The acid corrodes you!
Your hands burn!
The jelly is almost dead.
The jelly closely misses you.
You hit the jelly but do no damage. The acid corrodes you!
Your hands burn!
The jelly is almost dead.
The jelly hits you.
* * * LOW HITPOINT WARNING * * *
The acid corrodes you!
You are splashed with acid!
* * * LOW HITPOINT WARNING * * *
You hit the jelly but do no damage.
Your hands burn!
* * * LOW HITPOINT WARNING * * *
The jelly is almost dead.
It was a potion of berserk rage.
A red film seems to cover your vision as you go berserk!
You feel yourself moving faster!
You feel mighty! The jelly hits you.
* * * LOW HITPOINT WARNING * * *
You are splashed with acid!
* * * LOW HITPOINT WARNING * * *
You hit the jelly but do no damage. The acid corrodes you!
Your hands burn!
* * * LOW HITPOINT WARNING * * *
The jelly is almost dead.
The jelly hits you.
You die...

...## ###.........###
#.. ...# #.........# ##
..## #.........###..
..# #.............. ..#
#.............. .##
#..............
.########.........##..#
..##.......####.J.# .#
......p...## ##@.#
#########.## ##.# #.#.#
#.# ###.# ### ###


You could see a jelly.

Vanquished Creatures
  Grinder (D:5)
  2 humans (D:6)
  A water moccasin (D:5)
  A sky beast (D:6)
  A centaur (D:5)
  A bullfrog (D:5)
  A scorpion (D:7)
  A water moccasin zombie (D:7)
  2 water moccasin skeletons
  A wight (D:4)
  A howler monkey (D:4)
  2 hounds
  3 jellies
  An orc priest (D:3)
  3 iguanas
  A hound zombie (D:5)
  2 hound skeletons (D:4)
  10 adders
  3 adder skeletons (D:4)
  A worm (D:3)
  2 dart slugs
  5 orcs
  9 endoplasms
  A giant cockroach (D:1)
  8 goblins
  4 hobgoblins
  A quokka (D:1)
  10 ball pythons
  7 bats
  A frilled lizard (D:1)
  7 kobolds
  A rat (D:1)
95 creatures vanquished.

Vanquished Creatures (collateral kills)
  An orc (D:7)
  A hobgoblin (D:1)
  A rat (D:1)
3 creatures vanquished.

Vanquished Creatures (others)
  A human (D:5)
  A scorpion (D:7)
  6 fungi (D:7)
8 creatures vanquished.

Grand Total: 106 creatures vanquished

Notes
Turn   | Place    | Note
-------+----------+-------------------------------------------
     0 | D:1      | thromnambular the Merfolk Artificer began the quest for the
                  | Orb.
     0 | D:1      | Reached XP level 1. HP: 15/15 MP: 1/1
   322 | D:1      | Found a faded altar of an unknown god.
   354 | D:1      | Became a worshipper of Sif Muna the Loreminder
   354 | D:1      | Reached * piety under Sif Muna
   442 | D:1      | Reached XP level 2. HP: 18/22 MP: 2/2
   870 | D:1      | Reached skill level 1 in Polearms
  1463 | D:2      | Reached XP level 3. HP: 27/27 MP: 3/3
  1840 | D:2      | Reached skill level 2 in Polearms
  2098 | D:2      | Reached skill level 1 in Armour
  2098 | D:2      | Reached XP level 4. HP: 31/34 MP: 4/4
  2193 | D:2      | Found a snail-covered altar of Cheibriados.
  2568 | D:3      | Reached skill level 3 in Polearms
  2645 | D:3      | Found a hazy altar of Hepliaklqana.
  2890 | D:3      | Found a broken altar of Ashenzari.
  3124 | D:3      | Reached XP level 5. HP: 39/39 MP: 5/5
  3181 | D:3      | Reached skill level 1 in Invocations
  3281 | D:3      | Reached skill level 4 in Polearms
  3399 | D:3      | Found a runed translucent gate.
  3399 | D:3      | Found a runed translucent gate.
  3400 | D:3      | Noticed RascalDebosk's ghost (amateur HOFi)
  3401 | D:3      | Found a runed translucent gate.
  3402 | D:3      | Noticed a kobold brigand
  3470 | D:3      | Learned a level 3 spell: Conjure Flame
  3688 | D:4      | Found a staircase to the Ecumenical Temple.
  3893 | D:4      | Reached ** piety under Sif Muna
  4056 | D:4      | Found a blossoming altar of Fedhas.
  4068 | D:4      | Reached XP level 6. HP: 35/47 MP: 6/6
  4329 | D:4      | Found a sacrificial altar of Ru.
  4430 | D:4      | Reached skill level 5 in Polearms
  4542 | D:4      | Found a shimmering blue altar of Sif Muna.
  5593 | D:5      | Entered Level 5 of the Dungeon
  5653 | D:5      | Noticed Grinder
  5669 | D:5      | Paralysed by Grinder for 4 turns
  5770 | D:4      | Reached skill level 6 in Polearms
  5895 | D:5      | Found a hide-covered altar of Uskayaw.
  5988 | D:5      | Killed Grinder
  5989 | D:5      | Reached skill level 7 in Polearms
  5989 | D:5      | Reached XP level 7. HP: 54/54 MP: 7/7
  6789 | D:6      | Found a burning altar of Makhleb.
  6793 | D:6      | Found a glowing silver altar of Zin.
  6793 | D:6      | Noticed a cacodemon
  6793 | D:6      | Noticed an angel
  6906 | D:5      | Reached skill level 8 in Polearms
  6906 | D:5      | Reached XP level 8. HP: 34/61 MP: 8/8
  7496 | D:6      | Reached skill level 5 in Fighting
  7598 | D:6      | Reached skill level 9 in Polearms
  7768 | D:5      | Reached skill level 5 in Dodging
  9395 | D:7      | Noticed an oklob plant
  9529 | D:6      | HP: 4/96 [acid (7)]
  9530 | D:6      | HP: 1/96 [acid (3)]
  9530 | D:6      | Slain by a jelly

Illustrated notes

Levels and vault maps discovered:
D:1:      elethiomel_arrival_shortcut, layout_basic, basic_ecumenical_altar
D:2:      layout_basic, basic_altar
D:3:      layout_loops_ring, nicolae_hepliaklqana_hazy_memory,
          mainiacjoe_overflow_paths, gammafunk_ghost_nasty_kobolds
D:4:      minmay_skewed_foursquare, layout_basic,
          nicolae_ru_the_path_less_chosen, fedhas_altar_2,
          lemuel_blue_sif_altar, kennysheep_generic_room_14
D:5:      layout_loops_ring, mainiacjoe_overflow_tiny_flanked, uniq_grinder
D:6:      layout_layer_cave, grunt_temple_overflow_order_and_chaos_2,
          grunt_qazlal_clouds, amethyst_overflow_temple_binary, minmay_ruffians
D:7:      lemuel_slime, layout_basic, xom_teletrap_fun, lemuel_another_geyser

Skill      XL: |  1  2  3  4  5  6  7  8 |
---------------+-------------------------+-----
Dodging        | 3 4 6 |  6.3
Polearms       | 1 2 3 4 7 8 9 |  9.9
Fighting       | 2 3 4 6 |  6.1
Armour         | 1 2 3 |  3.0
Invocations    | 1 |  1.1
Stealth        | 2 |  2.0
Evocations     | |  3.0

Action                   |  1- 3 |  4- 6 |  7- 9 || total
-------------------------+-------+-------+-------++-------
Melee: Club              |    15 |       |       ||    15
       Spear             |    76 |   298 |   279 ||   653
 Fire: Hunting sling     |       |       |     3 ||     3
Throw: Dart              |    36 |    64 |    32 ||   132
Evoke: Wand              |     9 |    15 |     9 ||    33
       Piece from Xom's  |       |     9 |    12 ||    21
  Use: Scroll            |     1 |     5 |     5 ||    11
       Potion            |       |       |     4 ||     4
 Stab: Sleeping          |     1 |       |       ||     1
       Petrified         |       |    17 |    11 ||    28
       Petrifying        |       |     2 |     1 ||     3
       Confused          |       |       |     8 ||     8
Armor: Ring mail         |    22 |    74 |    63 ||   159
       Leather armour    |     1 |       |       ||     1
Dodge: Dodged            |    60 |   130 |   119 ||   309
